 Dungeon Crawl Stone Soup version 0.31.0-12-g77e489cdc1 (webtiles) character file.

Game seed: 13069122800722965312

36 Ijustatesigmund the Digger (level 3, -1/20 HPs)
             Began as a Gargoyle Earth Elementalist on Feb 21, 2024.
             Slain by Terence
             ... wielding a +0 hand axe
              (3 damage)
             ... on level 2 of the Dungeon.
             The game lasted 00:02:02 (1735 turns).

Ijustatesigmund the Digger (GrEE)                   Turns: 1735, Time: 00:02:04

Health: -1/20      AC:  5    Str: 11    XL:     3   Next: 37%
Magic:  1/6        EV: 11    Int: 17    God:
Gold:   48         SH:  0    Dex: 10    Spells: 2/6 levels left

rFire   . . .        h - +0 spear
rCold   . . .        (no shield)
rNeg    + . .        a - +0 robe {Will+}
rPois   ∞            (no helmet)
rElec   +            (no cloak)
rCorr   .            (no gloves)
SInv    .            (no boots)
Will    +....        (no amulet)
Stlth   ++           (no ring)
HPRegen 0.23/turn    (no ring)
MPRegen 0.10/turn

%: no passive effects
@: very slightly contaminated
A: sickness immunity, AC +3, negative energy resistance 1, electricity
resistance, torment resistance 1, petrification resistance
a: no special abilities


You were on level 2 of the Dungeon.
You visited 1 branch of the dungeon, and saw 2 of its levels.

You collected 48 gold pieces.

Inventory:

Hand Weapons
 h - a +0 spear (weapon)
Armour
 a - a +0 robe of willpower (worn)
Jewellery
 i - an amulet of regeneration
 j - a ring of willpower
Scrolls
 c - 2 scrolls of immolation {unknown}
 d - 3 scrolls of identify {unknown}
 g - a scroll of teleportation {unknown}
Potions
 f - a potion of curing
 k - a potion of resistance {unknown}


   Skills:
 + Level 1.3 Fighting
 - Level 1.5 Dodging
 - Level 2.1 Stealth
 + Level 2.4 Spellcasting
 + Level 1.9 Conjurations
 + Level 4.1 Earth Magic


You had 2 spell levels left.
You knew the following spells:

 Your Spells              Type           Power      Damage    Failure   Level
a - Sandblast             Erth           32%        2d9       3%          1
b - Stone Arrow           Conj/Erth      24%        3d8       16%         3

Your spell library contained the following spells:

 Spells                   Type           Power      Damage    Failure   Level
 Momentum Strike          Conj/Tloc      10%        3d8       19%         2
 Blink                    Tloc           4%         N/A       28%         2
 Lesser Beckoning         Tloc           4%         N/A       28%         2
 Passwall                 Erth           16%        N/A       10%         3
 Brom's Barrelling Bould  Conj/Erth      12%        2d4       47%         4
 Petrify                  Alch/Erth      9%         N/A       61%         4
 Irradiate                Conj/Alch      2%         3d12      98%         5
 Sublimation of Blood     Necr           Unusable   N/A       N/A         2

Dungeon Overview and Level Annotations

Branches:
Dungeon (2/15)

Altars:

Annotations:
D:2 Terence


Innate Abilities, Weirdness & Mutations

You are immune to sickness and miasma.
Your stone body is resilient. (AC +3)
You are immune to poison.
You resist negative energy. (rN+)
You are resistant to electric shocks. (rElec)
You are resistant to unholy torment.
You are immune to petrification.


Message History

Aiming: Stone Arrow (extremely dangerous; 16% risk of failure)
Press: ? - help, Shift-Dir - straight line, f/p - Terence
Aim: Terence, wielding a +0 hand axe and wearing a +0 scale mail (heavily wounded, 72% to hit)
You miscast Stone Arrow.
You are very lightly contaminated with residual magic.
Nothing appears to happen.
Terence hits you with a +0 hand axe! The adder bites you but does no damage.
Casting: Stone Arrow (extremely dangerous; 16% risk of failure)
Confirm with . or Enter, or press ? or * to list all spells.
Aiming: Sandblast (safe; 3% risk of failure)
Press: ? - help, Shift-Dir - straight line, f/p - Terence
Aim: Terence, wielding a +0 hand axe and wearing a +0 scale mail (heavily wounded, 84% to hit)
The blast of sand hits Terence but does no damage.
Terence is heavily wounded.
The adder barely misses you. Terence hits you with a +0 hand axe.
The adder bites you. Terence barely misses you.
Casting: Sandblast (safe; 3% risk of failure)
Confirm with . or Enter, or press ? or * to list all spells.
Aiming: Sandblast (safe; 3% risk of failure)
Press: ? - help, Shift-Dir - straight line, f/p - Terence
Aim: Terence, wielding a +0 hand axe and wearing a +0 scale mail (heavily wounded, 84% to hit)
The blast of sand hits Terence.
Terence is severely wounded.
The adder bites you.
* * * LOW HITPOINT WARNING * * *
Terence closely misses you. The adder completely misses you.
Casting: Sandblast (safe; 3% risk of failure)
Confirm with . or Enter, or press ? or * to list all spells.
Aiming: Sandblast (safe; 3% risk of failure)
Press: ? - help, Shift-Dir - straight line, f/p - Terence
Aim: Terence, wielding a +0 hand axe and wearing a +0 scale mail (severely wounded, 84% to hit)
The blast of sand hits Terence.
Terence is almost dead.
The adder bites you.
* * * LOW HITPOINT WARNING * * *
Terence closely misses you. The adder bites you but does no damage.
Terence asks, "Do you want it fast or slow?"
Terence hits you with a +0 hand axe.
You die...
Terence says, "That felt goooood."

#.###....####
#.###.##.....
###.#...##.####
#.....####.# #########
###.#.#...##.# #........
....#.#.#.##.###........
.####.#.#.##.#..........
.# #...........#.S......
####............@@......
...............#........
###............#........
###÷...........#########
...÷...........#
.†.............#
...............#
)......##.####.#
.......##.# #.#


You could see Terence and an adder.

Vanquished Creatures
  2 dart slugs
  A ribbon worm (D:2)
  A ball python (D:1)
  6 bats
  2 endoplasms (D:1)
  2 giant cockroaches (D:2)
  4 goblins
  3 hobgoblins
  3 kobolds
  5 rats
29 creatures vanquished.

Notes
Turn   | Place    | Note
-------+----------+-------------------------------------------
     0 | D:1      | Ijustatesigmund the Gargoyle Earth Elementalist began the
                  | quest for the Orb.
     0 | D:1      | Reached XP level 1. HP: 10/10 MP: 3/3
   344 | D:1      | Reached XP level 2. HP: 16/16 MP: 3/5
   840 | D:1      | Reached skill level 1 in Fighting
  1214 | D:2      | Reached skill level 4 in Earth Magic
  1247 | D:2      | Reached XP level 3. HP: 20/20 MP: 1/6
  1317 | D:2      | Learned a level 3 spell: Stone Arrow
  1714 | D:2      | Noticed Terence
  1735 | D:2      | Slain by Terence

Illustrated notes

Levels and vault maps discovered:
D:1:      dpeg_arrival_shelter, layout_basic, nrook_mini_vaults
D:2:      layout_basic, uniq_terence

Skill      XL: |  1  2 |
---------------+-------+-----
Fighting       | 1 |  1.3
Earth Magic    | 4 |  4.1
Dodging        | |  1.5
Stealth        | |  2.1
Spellcasting   | |  2.4
Conjurations   | |  1.9

Action                     || total
---------------------------++-------
  Melee: Spear             ||    16
   Cast: Sandblast         ||    49
    Use: Potion            ||     3
   Stab: Sleeping          ||     1
 Armour: Robe              ||    38
  Dodge: Dodged            ||    39
